 Dungeon Sprint DCSS version 0.31.0-1-g2c135a0 (webtiles) character file.

Game seed: 102465417276451709

61 PurpleRed the Conjurer (level 3, -2/33 HPs)
             Began as a Deep Elf Conjurer on Mar 8, 2024.
             Succumbed to a scorpion's poison
             ... in the Dungeon (Sprint II: "The Violet Keep of Menkaure").
             The game lasted 00:00:35 (19 turns).

PurpleRed the Conjurer (Deep Elf Conjurer)            Turns: 19, Time: 00:00:35

Health: -2/33      AC:  2    Str:  4    XL:     3   Next: 83%
Magic:  7/12       EV: 12    Int: 24    God:
Gold:   0          SH:  0    Dex: 13    Spells: 12/13 levels left

rFire   . . .        (no weapon)
rCold   . . .        (no shield)
rNeg    . . .        a - +0 robe
rPois   .            (no helmet)
rElec   .            (no cloak)
rCorr   .            (no gloves)
SInv    .            (no boots)
Will    .....        (no amulet) Stlth
                     (no ring)
HPRegen 0.25/turn    (no ring)
MPRegen 0.13/turn

%: no teleportation
@: berserking (expiring), lethally poisoned (-2 -> -16), hasted, very quick
A: no striking features
a: no special abilities


You were in the Dungeon.
You visited 1 branch

Inventory:

Armour
 a - a +0 robe (worn)
Scrolls
 g - a scroll of blinking
Potions
 b - 3 potions of magic
 c - a potion of curing
 d - a potion of heal wounds


   Skills:
 + Level 2.8 Fighting
 - Level 2.4 Dodging
 - Level 2.4 Stealth
 + Level 5.7 Spellcasting
 * Level 7.3 Conjurations


You had 12 spell levels left.
You knew the following spells:

 Your Spells              Type           Power      Damage    Failure   Level
a - Magic Dart            Conj           100%       1d8       1%          1

Your spell library contained the following spells:

 Spells                   Type           Power      Damage    Failure   Level
 Searing Ray              Conj           84%        2d7       1%          2
 Fulminant Prism          Conj/Alch      12%        3d8       19%         4
 Iskenderun's Mystic Bla  Conj/Tloc      24%        2d7       19%         4


Dungeon Overview and Level Annotations

Branches:
Dungeon (1/1)

Altars:


Message History

You feel sick.
You closely miss the scorpion.
The scorpion is almost dead.
The scorpion misses you.
You barely miss the scorpion.
The scorpion is almost dead.
You feel sick. The scorpion barely misses you.
You barely miss the scorpion.
The scorpion is almost dead.
You feel sick. The scorpion misses you.
You barely miss the scorpion.
The scorpion is almost dead.
You feel sick. The scorpion stings you.
* * * LOW HITPOINT WARNING * * *
You punch the scorpion!
You kill the scorpion!
Your Fighting skill gained 2 levels and is now at level 2!
Your Spellcasting skill gained 2 levels and is now at level 5!
Your Conjurations skill gained 3 levels and is now at level 7!
You have reached level 2!
You have reached level 3!
Your experience leads to an increase in your attributes!
Increase (S)trength, (I)ntelligence, or (D)exterity?
You feel clever. x2
Unknown command.
You hit the scorpion.
The scorpion is lightly wounded.
You feel sick.
The scorpion stings you but does no damage.
You hit the scorpion but do no damage.
The scorpion is lightly wounded.
You closely miss the scorpion.
The scorpion is lightly wounded.
You feel sick.
You are no longer poisoned.
The scorpion stings you.
* * * LOW HITPOINT WARNING * * *
You are lethally poisoned!
The scorpion poisons you!
You die...

# #+# .#
##.##ss#
+.@.s#
##.##..#
#+# .# #


You could see 3 scorpions.

Vanquished Creatures
  A scorpion (D)
1 creature vanquished.

Notes
Turn   | Place    | Note
-------+----------+-------------------------------------------
     0 | D        | PurpleRed the Deep Elf Conjurer began the quest for the
                  | Orb.
     0 | D        | Reached XP level 1. HP: 10/10 MP: 6/6
     2 | D        | Noticed a scorpion
     2 | D        | Noticed a scorpion
     2 | D        | Noticed a scorpion
     2 | D        | Noticed a scorpion
    15 | D        | Killed a scorpion
    16 | D        | Reached skill level 5 in Spellcasting
    16 | D        | Reached skill level 7 in Conjurations
    16 | D        | Reached XP level 2. HP: 3/18 MP: 5/10
    16 | D        | Reached XP level 3. HP: 3/22 MP: 6/12
    18 | D        | HP: 1/33 [scorpion (1)]
    19 | D        | Succumbed to a scorpion's poison

Illustrated notes

Levels and vault maps discovered:
D:        the_violet_keep_of_menkaure [sprint2_stairs_cluster_1,
          sprint2_shoproom, sprint2_temple, sprint2_basic_supplies,
          sprint2_obstacle_2, sprint2_obstacle_6, sprint2_obstacle_7,
          sprint2_obstacle_1, sprint2_obstacle_4, sprint2_timed_cluster_1,
          sprint2_smallroom_cluster_1, sprint2_smallroom_final_cluster_1,
          sprint2_transparent_cluster_1, sprint2_second_timed_cluster_1,
          sprint2_sniper_area_1, sprint2_heavy_combat_area_1,
          sprint2_mutation_trap_area_1, sprint2_forest_area_1,
          sprint2_light_combat_area_1, sprint2_behind_water_1,
          sprint2_near_end_vault_1]

Skill      XL: |  1 |
---------------+----+-----
Fighting       | 2 |  2.8
Spellcasting   | 5 |  5.7
Conjurations   | 7 |  7.3
Dodging        | |  2.4
Stealth        | |  2.4

Action                     || total
---------------------------++-------
  Melee: Unarmed           ||    14
   Cast: Magic Dart        ||     1
    Use: Potion            ||     2
 Armour: Robe              ||     6
  Dodge: Dodged            ||     5
